cohdb
Replays
Latest Replays
All Replays
Popular Replays
Top Player Replays
Match Explorer
How It Works
Community
CoH3 Stats
Reddit
Sign in to upload your games and track your stats! →
Sign in with Steam
Match 28129176
Unlisted
Match 28129176
Overview
Messages
Build Orders
End
Panzergrenadier Squad
250 Light Carrier
Panzergrenadier Squad
Construct Light Support Kompanie
Selects Armored Support Battlegroup
Selects Veteran Gunners
Fire Support Elements
Veteran Squad Leaders
Flakvierling Half-track
Assault Mechanized Group
Vehicle Survival Package
Tungsten Core Ammunition
Combat Half-tracks
Construct Panzerarmee Kommand
Emergency Repair Kits
Rapid Advance
Advanced Optics
Panzer III L Medium Tank
Panzer III L Medium Tank
Selects Salvage Kits
Selects Panzer Storm
Selects Stuka Dive Bomb
Panzer III L Medium Tank
Stuka Dive Bomb
Panzer III L Medium Tank
^3
DIV 250 BigBoss
RainbowDurr
King Charles III
0
0
Comments
sign in to comment!
No comments posted yet!